 Dungeon Crawl Stone Soup version 0.14.1-26-g5a19342 (webtiles) character file.

675 Kae the Sneak (level 7, -6/32 HPs)
             Began as a Spriggan Enchanter on July 31, 2014.
             Mangled by an ice beast (10 damage)
             ... on Level 5 of the Dungeon.
             The game lasted 00:05:31 (4734 turns).

Kae the Sneak (Spriggan Enchanter)                  Turns: 4734, Time: 00:05:31

HP  -6/32        AC  4     Str  6      XL: 7   Next:  4%
MP  19/22        EV 21     Int 16      God:
Gold 143         SH  0     Dex 18      Spells:  3 memorised,  9 levels left

rFire  . . .     SeeInvis +     a - +1,+2 dagger
rCold  . . .     Clarity  .     b - +2 robe
rNeg   . . .     Conserve .     (shield restricted)
rPois  .         rCorr    .     (helmet restricted)
rElec  .         rRot     .     (no cloak)
SustAb . .       Spirit   .     (gloves unavailable)
rMut   .         Warding  .     (boots unavailable)
Saprov . . .     Stasis   .     (no amulet)
MR     +....                    l - +3 ring of evasion
                                q - +1 ring of dexterity

@: very quick, somewhat resistant to hostile enchantments, very stealthy
A: unfitting armour, see invisible, herbivore 3, speed 3, slow metabolism 2
a: no special abilities


You were on level 5 of the Dungeon.
You were not hungry.

You visited 1 branch of the dungeon, and saw 5 of its levels.

You collected 143 gold pieces.

Inventory:

Hand weapons
 a - a +1,+2 dagger (weapon)
Missiles
 d - 10 darts (quivered)
Armour
 b - a +2 robe (worn)
Magical devices
 g - a wand of lightning (0)
 w - a wand of frost (4) {unknown}
Comestibles
 f - 2 chokos
 i - 6 bread rations
Scrolls
 e - a scroll of enchant weapon II
 k - a scroll of enchant weapon I {unknown}
 o - a scroll of identify
 p - a scroll of remove curse {unknown}
 r - a scroll of enchant armour
 s - a scroll of fear {unknown}
 u - a scroll of noise {unknown}
Jewellery
 h - an uncursed ring of fire
 l - a +3 ring of evasion (right hand)
 q - a +1 ring of dexterity (left hand)
 y - an uncursed ring of flight {unknown}
 z - a +2 ring of evasion
Potions
 j - 2 potions of might {unknown}
 m - 2 potions of curing {unknown}
 n - 2 potions of restore abilities {unknown}
 v - 2 potions of haste {unknown}
 x - a potion of paralysis {unknown}
Books
 c - a book of Maledictions

   Spells                             Type                      Level
   *Corona                            Hexes                        1
   Sure Blade                         Hexes/Charms                 2
   *Ensorcelled Hibernation           Hexes/Ice                    2
   *Confuse                           Hexes                        3
   Enslavement                        Hexes                        4
   Invisibility                       Hexes                        6


   Skills:
 * Level 4.5 Short Blades
 - Level 1.1 Throwing
 - Level 3.0 Dodging
 * Level 7.1 Stealth
 + Level 4.7 Spellcasting
 + Level 5.2 Hexes


You had 9 spell levels left.
You knew the following spells:

 Your Spells              Type           Power        Failure   Level  Hunger
a - Corona                Hex            ###....      1%          1    None
b - Ensorcelled Hibernat  Hex/Ice        ##....       10%         2    #......
c - Confuse               Hex            ###.....     8%          3    ###....


Dungeon Overview and Level Annotations

Branches:
Dungeon (5/15)
 Temple: D:4-7

Altars:
Sif Muna


Innate Abilities, Weirdness & Mutations

You are tiny and cannot use many weapons and most armour.
You have supernaturally acute eyesight.
You are a herbivore.
You cover ground extremely quickly.
You need consume almost no food.


Message History

There is a stone staircase leading up here.
Casting: Ensorcelled Hibernation
Confirm with . or Enter, or press ? or * to list all spells.
Aiming: Confuse
Press: ? - help, Shift-Dir - straight line, f - ice beast
Aim: an ice beast The ice beast appears confused.
You completely miss the ice beast. The ice beast misses you.
You hit the ice beast but do no damage. The ice beast hits you.
The ice beast freezes you!
* * * LOW HITPOINT WARNING * * *
You are too injured to fight recklessly!
You hit the ice beast.
The ice beast is lightly wounded.
You hit the ice beast.
The ice beast is moderately wounded.
The ice beast hits you.
* * * LOW HITPOINT WARNING * * *
The ice beast freezes you!
You die...

##########
#........#
#.######.#
#.....##.#
#####.##.#
#.##.# #.##@#
########.##I#
#.........#.#
#.#########.#
#.# ..# #.#
.... #.#
..... #.#
....... #.#
#.......


You could see an ice beast (confused).

Vanquished Creatures
  2 ogres
  A crimson imp (D:5)
  An orc priest (D:5)
  2 orc wizards
  A worker ant (D:3)
  7 adders
  An inept item mimic (D:5)
  4 worms
  2 orc skeletons (D:4)
  A giant eyeball (D:4)
  3 oozes
  7 orcs
  7 giant cockroaches
  5 goblins
  17 hobgoblins
  5 jackals
  6 kobolds
  3 bats
  6 giant geckos
  3 giant newts
  A goblin skeleton (D:4)
  2 hobgoblin skeletons
  2 quokkas (D:3)
  14 rats
103 creatures vanquished.

Notes
Turn   | Place    | Note
--------------------------------------------------------------
     0 | D:1      | Kae, the Spriggan Enchanter, began the quest for the Orb.
     0 | D:1      | Reached XP level 1. HP: 9/9 MP: 4/4
   594 | D:2      | Reached XP level 2. HP: 13/13 MP: 7/7
   832 | D:2      | Reached skill level 4 in Hexes
  1274 | D:2      | Learned a level 2 spell: Ensorcelled Hibernation
  1287 | D:2      | Reached XP level 3. HP: 4/16 MP: 8/11
  1779 | D:3      | Noticed an ogre
  1898 | D:3      | Killed an ogre
  1898 | D:3      | Reached XP level 4. HP: 21/21 MP: 8/14
  1898 | D:3      | Reached XP level 5. HP: 24/24 MP: 9/16
  2112 | D:3      | Reached skill level 5 in Stealth
  2869 | D:4      | Paralysed by a giant eyeball for 3 turns
  2880 | D:4      | Paralysed by a giant eyeball for 4 turns
  3289 | D:4      | Paralysed by a giant eyeball for 3 turns
  3296 | D:4      | Reached XP level 6. HP: 28/28 MP: 14/20
  3699 | D:4      | Reached skill level 6 in Stealth
  3833 | D:4      | Found a deep blue altar of Sif Muna.
  3919 | D:5      | Entered Level 5 of the Dungeon
  4137 | D:5      | Learned a level 3 spell: Confuse
  4433 | D:5      | Reached skill level 7 in Stealth
  4433 | D:5      | Reached skill level 5 in Hexes
  4636 | D:5      | Reached XP level 7. HP: 32/32 MP: 19/22
  4734 | D:5      | Mangled by an ice beast

Action                   |  1- 3 |  4- 6 |  7- 9 || total
-------------------------+-------+-------+-------++-------
Melee: Dagger            |   135 |   195 |    10 ||   340
Throw: Dart              |     9 |     1 |       ||    10
 Cast: Corona            |     3 |     1 |       ||     4
       Ensorcelled Hiber |     7 |    50 |       ||    57
       Confuse           |       |       |     1 ||     1
Evoke: Wand              |       |     4 |       ||     4
  Use: Scroll            |     2 |     6 |       ||     8
       Potion            |       |     1 |       ||     1
 Stab: Sleeping          |    11 |    41 |       ||    52
       Distracted        |       |     2 |       ||     2
